 Dungeon Crawl Stone Soup version 0.28.0-45-g0d030f2227 (webtiles) character file.

Game seed: 129194510032525164

970 CryoSword the Twirler (level 8, -6/62 HPs)
             Began as a Formicid Fighter on Apr 10, 2022.
             Killed from afar by a steam dragon (13 damage)
             ... with a ball of steam
             ... on level 5 of the Dungeon.
             The game lasted 00:05:28 (3717 turns).

CryoSword the Twirler (Formicid Fighter)            Turns: 3717, Time: 00:05:28

Health: -6/62      AC:  7    Str: 22    XL:     8   Next: 38%
Magic:  8/8        EV: 10    Int:  7    God:
Gold:   59         SH:  6    Dex: 12    Spells: 7/7 levels left

rFire   . . .      SeeInvis +   a - +0 quarterstaff (flame)
rCold   . . .      Faith    .   c - +1 buckler
rNeg    . . .      Spirit   .   b - +0 scale mail
rPois   .          Reflect  .   (helmet unavailable)
rElec   .          Harm     .   (no cloak)
rCorr   .          Rampage  .   (no gloves)
Will    .....                   (no boots)
Stlth   ..........              (no amulet)
HPRegen 0.20/turn               (no ring)
MPRegen 0.11/turn               (no ring)

@: no status effects
A: permanent stasis, dig shafts and tunnels, antennae 3, four strong arms
a: Dig, Shaft Self


You were on level 5 of the Dungeon.
You visited 1 branch of the dungeon, and saw 5 of its levels.

You collected 59 gold pieces.

Inventory:

Hand Weapons
 a - a +0 quarterstaff of flaming (weapon)
Missiles
 d - 3 javelins
 e - 3 boomerangs (quivered)
Armour
 b - a +0 scale mail (worn)
 c - a +1 buckler (worn)
 m - a +0 plate armour
   (You found it on level 5 of the Dungeon)
Scrolls
 f - 2 scrolls of brand weapon
 g - a scroll of teleportation {unknown}
 h - a scroll of immolation {!r}
Potions
 i - a potion of heal wounds {@q2}
 j - 2 potions of curing {@q1}
 k - a potion of resistance
 l - a potion of cancellation {unknown}


   Skills:
 + Level 5.2 Fighting
 * Level 5.7 Staves
 + Level 5.2 Armour
 + Level 3.0 Dodging
 + Level 5.6 Shields


You had 7 spell levels left.
You didn't know any spells.
Your spell library was empty.

Dungeon Overview and Level Annotations

Branches:
Dungeon (6/15)
 Temple: D:4-7

Altars:


Innate Abilities, Weirdness & Mutations

You cannot be hasted, slowed, berserked, paralysed or teleported.
You can dig through walls and to a lower floor.
You have a pair of large antennae on your head. (SInv)
Your four strong arms can wield two-handed weapons with a shield.


Message History

A centaur skeleton comes into view.
A centaur skeleton is nearby!
A bullfrog zombie comes into view.
You hit the centaur skeleton but do no damage.
The centaur skeleton hits you.
The centaur skeleton kicks you but does no damage.
You sock the centaur skeleton! You burn the centaur skeleton.
The centaur skeleton hits you but does no damage.
The centaur skeleton kicks you but does no damage.
You hit the centaur skeleton. You burn the centaur skeleton.
The centaur skeleton misses you.
The centaur skeleton completely misses you.
The centaur skeleton hits you but does no damage.
You block the centaur skeleton's attack.
You hit the centaur skeleton. You burn the centaur skeleton.
The centaur skeleton hits you but does no damage.
You block the centaur skeleton's attack.
You thump the centaur skeleton! You burn the centaur skeleton.
You destroy the centaur skeleton!
Your Fighting skill increases to level 5!
You sock the bullfrog zombie! You burn the bullfrog zombie.
The bullfrog zombie hits you but does no damage.
You hit the bullfrog zombie. You burn the bullfrog zombie.
The bullfrog zombie hits you but does no damage.
The bullfrog zombie completely misses you.
You barely miss the bullfrog zombie. The bullfrog zombie hits you.
You hit the bullfrog zombie. You burn the bullfrog zombie.
The bullfrog zombie hits you.
You thump the bullfrog zombie! You burn the bullfrog zombie.
You destroy the bullfrog zombie!
No target in view!
No target in view!
An iguana comes into view.
The iguana hisses angrily.
The iguana moves out of view.
The iguana hisses menacingly.
An iguana is nearby!
You block the iguana's attack.
You sock the iguana! You burn the iguana.
You kill the iguana!
No target in view!
No target in view!
No target in view!
No target in view!
No target in view!
No target in view!
No target in view!
No target in view!
No target in view!
You sense a monster nearby.
A hound comes into view.
A hound is nearby!
A hound is nearby!
The hound barks!
The hound bites you. The hound completely misses you.
You hit the hound. You burn the hound. The hound barely misses you.
You hit the hound. You burn the hound.
The hound bites you but does no damage. x2
You barely miss the hound. The hound closely misses you.
You hit the hound but do no damage. You block the hound's attack.
The hound bites you but does no damage.
You sock the hound! You burn the hound.
You kill the hound!
No target in view!
No target in view!
No target in view!
You see here a hound corpse.
A scorpion comes into view.
A scorpion is nearby!
Found a ring mail and a plate armour.
You hit the scorpion but do no damage. The scorpion barely misses you.
You barely miss the scorpion.
The scorpion stings you but does no damage.
The scorpion stings you.
You are poisoned.
The scorpion poisons you!
You sock the scorpion! You burn the scorpion.
You feel very sick. The scorpion closely misses you.
You thump the scorpion! You burn the scorpion.
You kill the scorpion!
You feel sick.
Your Dodging skill increases to level 3!
You feel sick.
You feel sick.
You feel sick.
You feel sick.
You feel sick.
You feel sick.
You feel sick.
You feel sick.
You are no longer poisoned.
A bullfrog zombie comes into view.
A bullfrog zombie is nearby!
A bullfrog zombie is nearby!
You are too injured to fight recklessly!
You are too injured to fight recklessly!
You are too injured to fight recklessly!
A bullfrog zombie is nearby!
A bullfrog zombie is nearby!
You start resting.
You sense a monster nearby.
A steam dragon comes into view.
The steam dragon hisses angrily.
The steam dragon breathes steam at you. The ball of steam hits you!
The steam dragon moves out of view.
You're standing in a cloud of steam!
The bullfrog zombie hits you. The bullfrog zombie hits you.
You see here a +0 ring mail.
Found a quarterstaff.
The bullfrog zombie hits you but does no damage.
You see here a +0 plate armour.
m - a +0 plate armour The bullfrog zombie hits you.
You thump the bullfrog zombie! You burn the bullfrog zombie.
The bullfrog zombie hits you.
You sock the bullfrog zombie! You burn the bullfrog zombie.
The bullfrog zombie hits you but does no damage.
The bullfrog zombie closely misses you.
You sock the bullfrog zombie! You burn the bullfrog zombie.
You block the bullfrog zombie's attack.
You barely miss the bullfrog zombie.
The bullfrog zombie hits you but does no damage.
You sock the bullfrog zombie! You burn the bullfrog zombie.
You destroy the bullfrog zombie!
You hit the steam dragon. You burn the steam dragon.
The steam dragon breathes steam at you. The ball of steam hits you!!
* * * LOW HITPOINT WARNING * * *
Something shouts, "Flee, thou pottle-deep weevil-witted beggar!"
You barely miss the steam dragon.
You are engulfed in a cloud of scalding steam.
* * * LOW HITPOINT WARNING * * *
The steam dragon closely misses you.
The steam dragon claws you but does no damage.
You hit the steam dragon but do no damage.
You are engulfed in a cloud of scalding steam.
The steam dragon misses you. You block the steam dragon's attack.
You thump the steam dragon! You burn the steam dragon.
You are engulfed in a cloud of scalding steam.
* * * LOW HITPOINT WARNING * * *
You block the steam dragon's attack. The steam dragon claws you.
* * * LOW HITPOINT WARNING * * *
You barely miss the steam dragon.
You are engulfed in a cloud of scalding steam.
* * * LOW HITPOINT WARNING * * *
A white imp comes into view.
The steam dragon breathes steam at you. The ball of steam hits you!
You die...

######### #.#####....)...
.......@#########
..##.##D##......# . # #.
#.##.##.#.##.# .D #.#.
#.##.##.#.##.##
...#.#.##..5..........#
...§.D.......##.#.##.########
...§.........................
..........#..#............##.
#..!#..####.......#...###.##.


You could see a steam dragon (catching breath) and a white imp.

Vanquished Creatures
  2 water moccasins (D:5)
  A black bear (D:5)
  An ice beast (D:5)
  A phantom (D:1)
  2 scorpions
  2 water moccasin skeletons
  2 bullfrog zombies (D:5)
  A hound (D:5)
  2 centaur skeletons
  An iguana (D:5)
  4 adders
  2 gnolls (D:2)
  A white imp (D:6)
  2 worms
  2 dart slugs (D:1)
  3 endoplasms
  A giant cockroach (D:2)
  3 goblins
  6 hobgoblins
  4 jackals (D:2)
  5 quokkas
  7 ball pythons
  4 bats
  A frilled lizard (D:1)
  A kobold (D:1)
61 creatures vanquished.

Notes
Turn   | Place    | Note
-------+----------+-------------------------------------------
     0 | D:1      | CryoSword the Formicid Fighter began the quest for the Orb.
     0 | D:1      | Reached XP level 1. HP: 18/18 MP: 1/1
   151 | D:1      | Reached XP level 2. HP: 24/24 MP: 2/2
   499 | D:1      | Reached XP level 3. HP: 27/29 MP: 3/3
  1038 | D:2      | Noticed a phantom
  1051 | D:1      | Killed a phantom
  1052 | D:1      | Reached skill level 1 in Dodging
  1052 | D:1      | Reached XP level 4. HP: 3/37 MP: 4/4
  1052 | D:1      | Reached XP level 5. HP: 3/42 MP: 5/5
  2246 | D:3      | You fall into a shaft and drop 3 floors!
  2278 | D:6      | Reached XP level 6. HP: 48/48 MP: 6/6
  2716 | D:5      | Entered Level 5 of the Dungeon
  2725 | D:5      | Noticed a water moccasin
  2744 | D:5      | Killed a water moccasin
  2748 | D:5      | Noticed a water moccasin
  2767 | D:6      | Reached XP level 7. HP: 31/55 MP: 7/7
  2956 | D:5      | Killed a water moccasin
  2957 | D:5      | Reached skill level 5 in Shields
  3063 | D:5      | Reached skill level 5 in Staves
  3270 | D:5      | Reached XP level 8. HP: 38/61 MP: 8/8
  3327 | D:5      | Reached skill level 5 in Armour
  3483 | D:5      | Reached skill level 5 in Fighting
  3717 | D:5      | Killed from afar by a steam dragon

Illustrated notes

Levels and vault maps discovered:
D:1:      denvon_arrival_planthouse, layout_loops_corners
D:2:      layout_rooms
D:3:      layout_loops_ring, amcnicky_altar_gilded,
          shapermc_ecumenical_altar_mp_ritualfount,
          chequers_serial_rivers_micro_d
D:5:      layout_basic, st_stairs_8
D:6:      layout_gridville, minmay_puff

Skill      XL: |  1  2  3  4  5  6  7  8 |
---------------+-------------------------+-----
Staves         | 3 4 5 |  5.7
Dodging        | 1 2 3 |  3.0
Shields        | 4 5 |  5.6
Armour         | 4 5 |  5.2
Fighting       | 4 5 |  5.2

Action                   |  1- 3 |  4- 6 |  7- 9 || total
-------------------------+-------+-------+-------++-------
Melee: Quarterstaff      |    62 |   136 |    95 ||   293
 Abil: Dig               |       |     1 |       ||     1
  Use: Potion            |     1 |     1 |       ||     2
       Scroll            |       |     5 |     3 ||     8
Armor: Scale mail        |    32 |    58 |    41 ||   131
Dodge: Dodged            |    40 |    76 |    47 ||   163
Block: Buckler           |     7 |    38 |    29 ||    74
